 Dungeon Crawl Stone Soup version 0.31-a0-236-g9a0961fb85 (webtiles) character file.

Game seed: 3031947230932452879

51 qw the Shooter (level 3, -2/29 HPs)
             Began as a Minotaur Hexslinger on July 9, 2023.
             Slain by a hobgoblin (4 damage)
             ... led by Robin
             ... on level 1 of the Dungeon.
             The game lasted 00:00:26 (919 turns).

qw the Shooter (Minotaur Hexslinger)                 Turns: 919, Time: 00:00:27

Health: -2/29      AC:  7    Str: 12    XL:     3   Next: 58%
Magic:  3/3        EV: 11    Int: 10    God:
Gold:   34         SH:  0    Dex: 14    Spells: 3/4 levels left

rFire   . . .        Y - +1 sling
rCold   . . .        (no shield)
rNeg    . . .        l - +0 ring mail
rPois   .            (helmet restricted)
rElec   .            (no cloak)
rCorr   .            h - +1 pair of gloves
SInv    .            (no boots)
Will    .....        (no amulet)
Stlth   +            (no ring)
HPRegen 0.24/turn    (no ring)
MPRegen 0.08/turn

%: no passive effects
@: no status effects
A: horns 2, retaliatory headbutt
a: no special abilities


You were on level 1 of the Dungeon.
You visited 1 branch of the dungeon, and saw 2 of its levels.

You collected 34 gold pieces.


Innate Abilities, Weirdness & Mutations

You have a pair of horns on your head.
You reflexively headbutt those who attack you in melee.


   Skills:
 - Level 2.0 Fighting
 - Level 4.0 Ranged Weapons
 + Level 0.7 Armour
 - Level 2.1 Dodging
 - Level 1.0 Spellcasting
 - Level 2.0 Hexes


You had 3 spell levels left.
You knew the following spells:

 Your Spells              Type           Power      Damage    Failure   Level
a - Slow                  Hex            16%        N/A       34%         1

Your spell library contained the following spells:

 Spells                   Type           Power      Damage    Failure   Level
 Inner Flame              Hex/Fire       2%         N/A       83%         3
 Portal Projectile        Hex/Tloc       4%         N/A       83%         3
 Cause Fear               Hex            2%         N/A       98%         4

Inventory:

Hand Weapons
 Y - a +1 sling (weapon)
Armour
 h - a +1 pair of gloves (worn)
 l - a +0 ring mail (worn)
Scrolls
 i - a scroll of identify

Dungeon Overview and Level Annotations

Branches:
Dungeon (2/15)

Altars:

Annotations:
D:2 Robin


Message History

The hobgoblin hits you but does no damage.
The goblin hits you with a +0 club. The goblin closely misses you.
The goblin hits you but does no damage. The goblin closely misses you.
You climb upwards.
There is a stone staircase leading down here.
You shoot a sling bullet. The sling bullet hits the goblin.
You kill the goblin!
The hobgoblin barely misses you. The goblin barely misses you. x2
You furiously retaliate!
You headbutt the goblin!
You kill the goblin!
The goblin barely misses you.
You shoot a sling bullet.
The sling bullet closely misses the goblin.
The hobgoblin barely misses you. The goblin closely misses you.
You furiously retaliate!
You headbutt the goblin. The goblin hits you but does no damage.
You shoot a sling bullet.
The sling bullet closely misses the goblin.
The hobgoblin closely misses you.
The goblin hits you with a +0 dagger. x2
The hobgoblin hits you. The goblin hits you but does no damage.
The goblin hits you with a +0 dagger.
You shoot a sling bullet.
The sling bullet closely misses the goblin.
The hobgoblin misses you. The goblin barely misses you.
The goblin hits you with a +0 dagger.
You shoot a sling bullet. The sling bullet hits the goblin.
You kill the goblin!
The hobgoblin hits you but does no damage.
The goblin misses you.
You shoot a sling bullet.
The sling bullet barely misses the goblin.
The hobgoblin hits you. The goblin closely misses you.
The hobgoblin closely misses you. The goblin hits you but does no damage.
You shoot a sling bullet.
The sling bullet barely misses the goblin.
The hobgoblin misses you. The goblin hits you with a +0 dagger.
You shoot a sling bullet.
The sling bullet barely misses the goblin.
The hobgoblin hits you.
You die...

............!.....#
..................#
..................#
..................#
..................#
..................#
####..............#
#...........g)g#
#...........)@)#
################


You could see a hobgoblin (strong) and a goblin (strong).

Vanquished Creatures
  An adder (D:1)
  A dart slug (D:1)
  2 bats (D:1)
  2 endoplasms (D:1)
  2 giant cockroaches (D:1)
  8 goblins (D:1)
  3 hobgoblins (D:1)
  3 jackals (D:1)
  2 quokkas (D:1)
  A ball python (D:1)
  A frilled lizard (D:1)
  4 kobolds (D:1)
  6 rats (D:1)
36 creatures vanquished.

Notes
Turn   | Place    | Note
-------+----------+-------------------------------------------
     0 | D:1      | qw the Minotaur Hexslinger began the quest for the Orb.
     0 | D:1      | Reached XP level 1. HP: 16/16 MP: 1/1
     0 | D:1      | 0 ||| qw: Version: 0.3-a-51-g015441d
     0 | D:1      | 0 ||| qw: Game counter: 4443
     0 | D:1      | 0 ||| qw: Melee chars always use a shield: true
     0 | D:1      | 0 ||| qw: God list: Okawaru
     0 | D:1      | 0 ||| qw: Allow faded altars: false
     0 | D:1      | 0 ||| qw: Do Orc after clearing Dungeon:15 true
     0 | D:1      | 0 ||| qw: Do second Lair branch before Depths: true
     0 | D:1      | 0 ||| qw: Lair rune preference: random
     0 | D:1      | 0 ||| qw: Goals: Normal
     0 | D:1      | 0 ||| PLANNING D:1-11
   132 | D:1      | Reached skill level 3 in Ranged Weapons
   132 | D:1      | Reached XP level 2. HP: 23/23 MP: 2/2
   476 | D:1      | Reached XP level 3. HP: 20/29 MP: 3/3
   681 | D:1      | 681 ||| UPGRADING to +1 pair of gloves.
   686 | D:1      | 686 ||| UPGRADING to +0 ring mail.
   696 | D:1      | 696 ||| DROPPING +0 robe.
   697 | D:1      | 697 ||| READING 2 scrolls labelled ELAOTO GAJOGYE.
   698 | D:1      | 698 ||| READING scroll labelled JECVENAUFI.
   699 | D:1      | 699 ||| READING scroll labelled MAZIUH XIPT.
   800 | D:1      | 800 ||| READING scroll labelled XACESIBLOGH.
   801 | D:1      | 801 ||| READING 2 scrolls labelled PIN AWIUNEWK.
   802 | D:1      | 802 ||| READING scroll labelled IFIDDO WEULAN.
   805 | D:1      | 805 ||| DRINKING 3 bubbling white potions.
   806 | D:1      | 806 ||| DROPPING scroll of immolation.
   807 | D:1      | 807 ||| DROPPING scroll of poison.
   808 | D:1      | 808 ||| DROPPING 2 potions of attraction.
   818 | D:2      | Noticed Robin
   820 | D:2      | 820 ||| STAIRDANCE
   826 | D:1      | Reached skill level 4 in Ranged Weapons
   910 | D:2      | 910 ||| STAIRDANCE
   917 | D:1      | HP: 4/29 [hobgoblin[Robin] (4)]
   918 | D:1      | HP: 1/29 [goblin/+0 dagger[Robin] (3)]
   919 | D:1      | Slain by a hobgoblin

Levels and vault maps discovered:
D:1:      beargit_arrival_diablo_church, layout_basic
D:2:      minmay_spotlight, layout_rooms, minmay_lizard_pond, uniq_robin,
          uniq_sigmund

Skill      XL: |  1  2  3 |
---------------+----------+-----
Ranged Weapons | 3 4 |  4.0
Fighting       | 2 |  2.0
Armour         | |  0.7
Dodging        | |  2.1
Spellcasting   | |  1.0
Hexes          | |  2.0

Action                     || total
---------------------------++-------
   Fire: Sling             ||   103
    Use: Scroll            ||     6
         Potion            ||     1
 Armour: Ring mail         ||    23
  Dodge: Dodged            ||    48

Table legend:
 A = Non-vault XP
 B = Vault XP
 C = Vault XP percentage of total XP
 D = Non-vault monster count
 E = Vault monster count
 F = Vault count percentage of total count
                 A         B        C        D         E       F
            +---------+---------+-------+---------+---------+-------
      Total |      60 |      14 |  18.9 |      29 |       7 |  19.4
            +---------+---------+-------+---------+---------+-------
        D:1 |      60 |      14 |  18.9 |      29 |       7 |  19.4
            +---------+---------+-------+---------+---------+-------
